 Dungeon Crawl Stone Soup version 0.31.0-32-g396128a36d (webtiles) character file.

Game seed: 753334795416751790

2051 Silvore the Protected (level 9, -4/78 HPs)
             Began as a Minotaur Fighter on Mar 21, 2024.
             Was an Initiate of the Shining One.
             Slain by an orc warrior
             ... wielding a +0 glaive
              (26 damage)
             ... in a bailey.
             The game lasted 00:07:41 (5502 turns).

Silvore the Protected (Minotaur Fighter)            Turns: 5502, Time: 00:07:42

Health: -4/78      AC: 12    Str: 24    XL:     9   Next: 4%
Magic:  8/8        EV:  9    Int:  5    God:    the Shining One [......]
Gold:   350        SH:  5    Dex: 11    Spells: 8/8 levels left

rFire   . . .        r - +0 mace
rCold   . . .        c - +0 buckler
rNeg    + + .        i - +0 chain mail
rPois   .            (helmet restricted)
rElec   .            p - +0 cloak of Qeufear {rN+}
rCorr   .            (no gloves)
SInv    .            (no boots)
Will    .....        (no amulet) Stlth
                     l - ring of flight
HPRegen 0.33/turn    m - ring of positive energy
MPRegen 0.11/turn

%: no passive effects
@: flying, glowing
A: horns 2, retaliatory headbutt
a: Renounce Religion


You were in a bailey.
You worshipped the Shining One.
The Shining One was noncommittal.
You visited 2 branches of the dungeon, and saw 8 of its levels.
You also visited: Sewer and Bailey.

You collected 350 gold pieces.

Inventory:

Hand Weapons
 a - a +0 flail
 r - a +0 mace (weapon)
Armour
 b - a +0 scale mail
 c - a +0 buckler (worn)
 i - a +0 chain mail (worn)
 p - the +0 cloak of Qeufear (worn) {rN+}
   (You found it on level 3 of the Dungeon)

   rN+:       It protects you from negative energy.
Jewellery
 k - a ring of fire
 l - a ring of flight (left hand)
 m - a ring of positive energy (right hand)
 u - a ring of wizardry
Wands
 s - a wand of roots (9)
 v - a wand of polymorph (12)
Scrolls
 f - 2 scrolls of identify
 g - 2 scrolls of teleportation
 n - a scroll of poison
 x - a scroll of fear {unknown}
Potions
 d - a potion of curing
 e - a potion of invisibility
 h - 4 potions of mutation
 j - 6 potions of enlightenment
 q - a potion of lignification
 t - a potion of heal wounds
 w - a potion of haste {unknown}


   Skills:
 + Level 6.5 Fighting
 + Level 8.6 Maces & Flails
 + Level 8.6 Armour
 + Level 2.7 Dodging
 + Level 0.9 Stealth
 + Level 6.4 Shields


You had 8 spell levels left.
You didn't know any spells.
Your spell library contained the following spells:

 Spells                   Type           Power      Damage    Failure   Level
 Freeze                   Ice            0%         1d3       96%         1
 Slow                     Hex            0%         N/A       96%         1
 Summon Small Mammal      Summ           0%         N/A       96%         1
 Lesser Beckoning         Tloc           0%         N/A       99%         2
 Call Canine Familiar     Summ           0%         N/A       100%        3
 Confusing Touch          Hex            0%         N/A       100%        3
 Frozen Ramparts          Ice            0%         1d1       100%        3
 Fugue of the Fallen      Necr           0%         N/A       100%        3
 Gell's Gravitas          Tloc           0%         N/A       100%        3
 Hailstorm                Conj/Ice       0%         3d5       100%        3
 Ozocubu's Armour         Ice            0%         N/A       100%        3
 Sigil of Binding         Hex            0%         N/A       100%        3
 Teleport Other           Tloc           0%         N/A       100%        3
 Vampiric Draining        Necr           0%         2d6       100%        3
 Manifold Assault         Tloc           0%         N/A       100%        4
 Summon Blazeheart Golem  Fire/Summ      0%         N/A       100%        4
 Alistair's Intoxication  Alch           0%         N/A       100%        5
 Borgnjor's Vile Clutch   Necr/Erth      0%         N/A       100%        5
 Eringya's Noxious Bog    Alch           0%         4d6       100%        6


Dungeon Overview and Level Annotations

Branches:
Dungeon (7/15)             Temple (1/1) D:4           Sewer (visited)
 Bailey (1/1)

Altars:
Cheibriados
Dithmenos
Elyvilon
Gozag
Kikubaaqudgha
Makhleb
Nemelex Xobeh
Okawaru
Qazlal
Ru
Sif Muna
Trog
Vehumet
Wu Jian
Xom
Yredelemnul
Zin
The Shining One

Shops:
D:3 ?   D:7 (


Innate Abilities, Weirdness & Mutations

You have a pair of horns on your head.
You reflexively headbutt those who attack you in melee.


Message History

You hit the orc but do no damage. The orc hits you with a +0 trident.
The orc warrior hits you from afar with a +0 glaive!
You hit the orc but do no damage. The orc hits you but does no damage.
The orc warrior hits you but does no damage.
You thump the orc!
You kill the orc!
The orc warrior hits you but does no damage.
Unknown command.
An orc warrior comes into view. It is wielding a +0 spear.
The orc warrior shouts!
An orc comes into view. It is wielding a +0 halberd.
The orc warrior hits you with a +0 glaive.
The orc warrior moves out of view.
You hit the orc warrior but do no damage.
The orc hits you but does no damage.
The orc warrior hits you with a +0 glaive!
You hit the orc warrior but do no damage.
The orc hits you from afar with a +0 spear.
The orc warrior barely misses you. You furiously retaliate!
You headbutt the orc warrior. You barely miss the orc warrior.
The orc warrior is lightly wounded.
You block the orc's attack.
The orc hits you from afar with a +0 halberd.
The orc warrior barely misses you.
Unknown command.
You hit the orc warrior but do no damage.
You headbutt the orc warrior.
The orc warrior is moderately wounded.
The orc splashes around in the water.
The orc hits you from afar with a +0 halberd.
The orc knight roars a battlecry!
The orcs go into a battle-frenzy!
The orc warrior hits you with a +0 glaive.
* * * LOW HITPOINT WARNING * * *
You hit the orc warrior.
The orc warrior is heavily wounded.
The orc hits you but does no damage. x2
The orc warrior hits you with a +0 glaive!!
You die...

#.~)..##.## ##.#
##.~~..#+# ..⌠.
#+ #∩.~~..# .⌠∩⌠
# #.~~..## ≈oo..
#.~..## ≈§≈§
#.~.## o..
#.~.#########o#
#.~......)...##
#.~~~~)~~~~@o.#
#.........)~~..##
##########..~o..#
##..~~....
##..~~~~~ #......
######


You could see 2 orc knights, 2 orc warriors and 2 orcs.

Vanquished Creatures
  Grinder (D:3)
  Sigmund (D:5)
  Menkaure (D:5)
  An acid dragon (D:5)
  3 orc warriors (Bailey)
  A black bear (D:7)
  An ogre (D:5)
  A phantom (D:4)
  A kobold brigand (D:5)
  A bullfrog (D:7)
  A scorpion (D:5)
  2 bombardier beetles
  A hound (D:5)
  A jelly (D:7)
  A sleepcap (D:3)
  3 orc priests
  3 iguanas
  5 orc wizards
  Ijyb (D:5)
  A hell rat (Sewer)
  6 gnolls
  8 adders
  A river rat (Sewer)
  2 dart slugs
  A ribbon worm (D:2)
  24 orcs
  6 bats
  3 endoplasms
  3 giant cockroaches
  7 goblins
  9 hobgoblins
  4 jackals
  10 kobolds
  4 quokkas
  4 ball pythons
  5 frilled lizards
  15 rats
143 creatures vanquished.

Notes
Turn   | Place    | Note
-------+----------+-------------------------------------------
     0 | D:1      | Silvore the Minotaur Fighter began the quest for the Orb.
     0 | D:1      | Reached XP level 1. HP: 19/19 MP: 0/0
   442 | D:1      | Reached XP level 2. HP: 27/27 MP: 1/1
   969 | D:2      | Reached XP level 3. HP: 32/33 MP: 2/2
  1269 | D:2      | Reached XP level 4. HP: 9/40 MP: 3/3
  1663 | D:3      | Reached XP level 5. HP: 44/46 MP: 4/4
  1665 | D:3      | Reached skill level 1 in Dodging
  1748 | D:3      | Reached skill level 5 in Armour
  1861 | D:3      | Noticed Grinder
  1871 | D:3      | Killed Grinder
  1872 | D:3      | Reached XP level 6. HP: 27/53 MP: 5/5
  2092 | D:3      | Found a faded altar of an unknown god.
  2309 | D:3      | Reached skill level 5 in Maces & Flails
  2390 | D:3      | Identified the +0 cloak of Qeufear {rN+}
  2525 | D:3      | Found Pemugo's Magic Scroll Shop.
  2681 | D:4      | Found a bloodstained altar of Trog.
  2862 | D:4      | Found a staircase to the Ecumenical Temple.
  2875 | Temple   | Entered the Ecumenical Temple
  2913 | Temple   | Became a worshipper of the Shining One
  2976 | D:4      | Reached skill level 5 in Shields
  2976 | D:4      | Reached XP level 7. HP: 60/60 MP: 6/6
  3144 | D:4      | Reached skill level 5 in Fighting
  3553 | D:5      | Entered Level 5 of the Dungeon
  3611 | D:5      | Found a sparkling altar of Nemelex Xobeh.
  4008 | D:5      | Found a glowing drain.
  4023 | Sewer    | Entered a sewer
  4171 | D:5      | Noticed Menkaure
  4177 | D:5      | Killed Menkaure
  4178 | D:5      | Reached XP level 8. HP: 46/69 MP: 7/7
  4313 | D:5      | Noticed Sigmund
  4334 | D:5      | Killed Sigmund
  4471 | D:5      | HP: 3/70 [acid dragon/splash of acid (33)]
  4824 | D:5      | Noticed Ijyb
  4833 | D:5      | Killed Ijyb
  4930 | D:6      | Found an ancient bone altar of Kikubaaqudgha.
  4969 | D:6      | You are sucked into a shaft and drop 1 floor!
  5104 | D:7      | Found a flagged portal.
  5158 | D:7      | Found Leireok's Weapon Boutique.
  5172 | Bailey   | Entered a bailey
  5442 | Bailey   | Reached XP level 9. HP: 54/78 MP: 8/8
  5492 | Bailey   | Noticed an orc knight
  5492 | Bailey   | Noticed an orc knight
  5502 | Bailey   | Slain by an orc warrior

Illustrated notes

Levels and vault maps discovered:
D:1:      evilmike_arrival_plus, layout_basic
D:2:      layout_rooms
D:3:      minmay_razor_zed, layout_basic, serial_shops, nicolae_shop_rolled_up,
          ebering_ecumenical_altar_abandoned, minmay_misc_feat_chi,
          kennysheep_orc_chapel, uniq_grinder
D:4:      layout_loops_ring, mainiacjoe_overflow_tiny_flanked,
          minmay_temple_entry_sparse_star, kennysheep_cross_bottleneck
D:5:      layout_loops_ring, nemelex_dance_club_becter, portal_sewer_entry_d,
          minmay_small_thing, uniq_ijyb, uniq_menkaure, uniq_sigmund
D:6:      layout_loops_ring, kiku_gazebo_garden_becter
D:7:      layout_cave_pools, enter_bailey_8, serial_shops, shop,
          kennysheep_generic_room_8
Temple:   regret_index_temple_generic_petals
Bailey:   bailey_polearm_1, bailey

Skill      XL: |  1  2  3  4  5  6  7  8 |
---------------+-------------------------+-----
Shields        | 4 5 6 |  6.4
Armour         | 4 5 6 7 8 |  8.6
Fighting       | 4 5 6 |  6.5
Maces & Flails | 3 4 5 7 8 |  8.6
Dodging        | 1 2 |  2.7
Stealth        | |  0.9

Action                     |  1- 3 |  4- 6 |  7- 9 || total
---------------------------+-------+-------+-------++-------
  Melee: Flail             |    91 |    89 |    51 ||   231
         Headbutt          |     7 |    19 |    61 ||    87
         Mace              |       |       |   202 ||   202
    Use: Potion            |       |     1 |     4 ||     5
         Scroll            |       |       |    11 ||    11
 Armour: Scale mail        |    40 |       |       ||    40
         Chain mail        |    41 |    64 |   289 ||   394
  Dodge: Dodged            |    50 |    47 |   130 ||   227
  Block: Buckler           |    22 |    17 |    77 ||   116
